| TOP OF THE 1ST |
|
Round Rock Express batting - Pitching for Buffalo Bisons : RHP Timo Lantinga
|
|
Pitching: RHP Timo Lantinga
|
|
|
Batting: LHB Jody Hudson
|
0-0: Called Strike 0-1: Ball 1-1: Ball 2-1: Ground out 2-3 (Groundball, 13S, EV 71.2 MPH)
|
|
Batting: RHB Chris Torlak
|
0-0: Called Strike 0-1: Swinging Strike 0-2: Strikes out looking
|
|
Batting: LHB Josh Stuck
|
0-0: Ball 1-0: Ball 2-0: Fly out, F7 (Flyball, 7S, EV 83.8 MPH)
|
| Top of the 1st over - 0 runs, 0 hits, 0 errors, 0 left on base; Round Rock 0 - Buffalo 0 |
| BOTTOM OF THE 1ST |
|
Buffalo Bisons batting - Pitching for Round Rock Express : RHP Prince Gibson
|
|
Pitching: RHP Prince Gibson
|
|
|
Batting: RHB Michel Martineau
|
0-0: Called Strike 0-1: Foul Ball, location: 2F 0-2: Foul Ball, location: 2F 0-2: Ball 1-2: Ball 2-2: Fly out, F8 (Line Drive, 78M, EV 90.6 MPH)
|
|
Batting: RHB Frank Caulfield
|
0-0: Foul Ball, location: 2F 0-1: Called Strike 0-2: Fly out, F9 (Line Drive, 89M, EV 90.0 MPH)
|
|
Batting: SHB Dominik Hasek II
|
0-0: Ball 1-0: Called Strike 1-1: Foul Ball, location: 2F 1-2: Foul Ball, location: 2F 1-2: Ball 2-2: Ball 3-2: Foul Ball, location: 2F 3-2: Strikes out swinging
|
| Bottom of the 1st over - 0 runs, 0 hits, 0 errors, 0 left on base; Round Rock 0 - Buffalo 0 |
| TOP OF THE 2ND |
|
Round Rock Express batting - Pitching for Buffalo Bisons : RHP Timo Lantinga
|
|
Batting: LHB Zion Davidson
|
0-0: Called Strike 0-1: Ball 1-1: Ball 2-1: Called Strike 2-2: Ball 3-2: Strikes out looking
|
|
Batting: RHB Trevor Mock
|
0-0: Swinging Strike 0-1: SINGLE (Groundball, 6MD, EV 85.0 MPH) (infield hit)
|
|
Batting: RHB Mike Quackenbush
|
0-0: SINGLE (Line Drive, 34D, EV 95.6 MPH) Trevor Mock to second
|
|
Batting: RHB C.J. Sagle
|
0-0: Ball Trevor Mock steals 3rd base Mike Quackenbush to second 1-0: Ball 2-0: Fly out, F8 (Flyball, 89XD, EV 98.1 MPH) Runner from 3rd tags up, SCORES, no throw by CF Mike Quackenbush to third
|
|
Batting: RHB Laroya Foronda
|
0-0: Called Strike 0-1: Foul Ball, location: 2F 0-2: Hit by Pitch
|
|
Batting: RHB Luis Arce
|
0-0: Ball 1-0: Called Strike 1-1: Fielders Choice at 2nd, 6-4 (Groundball, 6, EV 80.6 MPH)
|
| Top of the 2nd over - 1 run, 2 hits, 0 errors, 2 left on base; Round Rock 1 - Buffalo 0 |
| BOTTOM OF THE 2ND |
|
Buffalo Bisons batting - Pitching for Round Rock Express : RHP Prince Gibson
|
|
Batting: RHB Alex Ramos
|
0-0: Ball 1-0: Ball 2-0: Called Strike 2-1: Called Strike 2-2: Ball 3-2: Ground out 5-3 (Groundball, 5L, EV 97.5 MPH)
|
|
Batting: RHB Kyle Scruggs
|
0-0: Ball 1-0: Ball 2-0: Swinging Strike 2-1: Foul Ball, location: 2F 2-2: Strikes out swinging
|
|
Batting: RHB Leo Mair
|
0-0: Swinging Strike 0-1: SINGLE (Groundball, 6MD, EV 98.8 MPH)
|
|
Batting: RHB Väinö Tapaninen
|
0-0: Ball 1-0: DOUBLE (Groundball, 5L, EV 97.5 MPH) Leo Mair to third
|
|
Batting: RHB Jorge Baret
|
0-0: Swinging Strike 0-1: Ground out 5-3 (Groundball, 56S, EV 82.5 MPH)
|
| Bottom of the 2nd over - 0 runs, 2 hits, 0 errors, 2 left on base; Round Rock 1 - Buffalo 0 |
| TOP OF THE 3RD |
|
Round Rock Express batting - Pitching for Buffalo Bisons : RHP Timo Lantinga
|
|
Batting: LHB Jody Hudson
|
0-0: Ball 1-0: Called Strike 1-1: Swinging Strike 1-2: Ball 2-2: Foul Ball, location: 2F 2-2: Foul Ball, location: 2F 2-2: Ground out 5-3 (Groundball, 15, EV 87.5 MPH)
|
|
Batting: RHB Chris Torlak
|
0-0: Called Strike 0-1: Ball 1-1: Ball 2-1: Ball 3-1: Base on Balls
|
|
Batting: LHB Josh Stuck
|
0-0: Foul Ball, location: 2F 0-1: Fielders Choice at 2nd, 1-4 (Groundball, 25, EV 67.5 MPH)
|
|
Batting: LHB Zion Davidson
|
0-0: Ball 1-0: Called Strike 1-1: Swinging Strike 1-2: Ball 2-2: Foul Ball, location: 2F 2-2: Fielders Choice at 2nd, U4 (Groundball, 4M, EV 84.4 MPH)
|
| Top of the 3rd over - 0 runs, 0 hits, 0 errors, 1 left on base; Round Rock 1 - Buffalo 0 |
| BOTTOM OF THE 3RD |
|
Buffalo Bisons batting - Pitching for Round Rock Express : RHP Prince Gibson
|
|
Batting: RHB Bryan Peterson
|
0-0: Ball 1-0: Swinging Strike 1-1: SINGLE (Groundball, 56D, EV 107.5 MPH)
|
|
Batting: RHB Michel Martineau
|
0-0: Foul Ball, location: 2F 0-1: Called Strike 0-2: Ball 1-2: Foul Ball, location: 2F 1-2: Grounds into double play, 4-6-3 (Groundball, 4, EV 106.2 MPH)
|
|
Batting: RHB Frank Caulfield
|
0-0: Ball 1-0: Called Strike 1-1: Ground out 3-1 (Groundball, 34S, EV 83.8 MPH)
|
| Bottom of the 3rd over - 0 runs, 1 hit, 0 errors, 0 left on base; Round Rock 1 - Buffalo 0 |
| TOP OF THE 4TH |
|
Round Rock Express batting - Pitching for Buffalo Bisons : RHP Timo Lantinga
|
|
Batting: RHB Trevor Mock
|
0-0: Called Strike 0-1: Foul Ball, location: 2F 0-2: Ground out U3 (Groundball, 23, EV 82.5 MPH)
|
|
Batting: RHB Mike Quackenbush
|
0-0: Ball 1-0: Called Strike 1-1: Called Strike 1-2: Ball 2-2: Foul Ball, location: 2F 2-2: Strikes out swinging
|
|
Batting: RHB C.J. Sagle
|
0-0: Foul Ball, location: 2F 0-1: SINGLE (Line Drive, 6MD, EV 97.5 MPH)
|
|
Batting: RHB Laroya Foronda
|
0-0: Called Strike 0-1: Called Strike C.J. Sagle steals 2nd base 0-2: Ball 1-2: Foul Ball, location: 2F 1-2: Ball 2-2: Ball 3-2: Fly out, F8 (Line Drive, 8LD, EV 93.8 MPH)
|
| Top of the 4th over - 0 runs, 1 hit, 0 errors, 1 left on base; Round Rock 1 - Buffalo 0 |
| BOTTOM OF THE 4TH |
|
Buffalo Bisons batting - Pitching for Round Rock Express : RHP Prince Gibson
|
|
Batting: SHB Dominik Hasek II
|
0-0: Called Strike 0-1: Ball 1-1: Ball 2-1: Ball 3-1: Foul Ball, location: 2F 3-2: Foul Ball, location: 2F 3-2: Foul Ball, location: 2F 3-2: Ground out 6-3 (Groundball, 6MS, EV 63.8 MPH)
|
|
Batting: RHB Alex Ramos
|
0-0: SINGLE (Line Drive, 56D, EV 94.4 MPH)
|
|
Batting: RHB Kyle Scruggs
|
0-0: Swinging Strike 0-1: Ball 1-1: Swinging Strike 1-2: Strikes out swinging
|
|
Batting: RHB Leo Mair
|
0-0: Ball 1-0: Called Strike 1-1: Swinging Strike 1-2: Strikes out swinging
|
| Bottom of the 4th over - 0 runs, 1 hit, 0 errors, 1 left on base; Round Rock 1 - Buffalo 0 |
| TOP OF THE 5TH |
|
Round Rock Express batting - Pitching for Buffalo Bisons : RHP Timo Lantinga
|
|
Batting: RHB Luis Arce
|
0-0: Ball 1-0: Called Strike 1-1: Ground out 5-3 (Groundball, 5L, EV 107.5 MPH)
|
|
Batting: LHB Jody Hudson
|
0-0: Ball 1-0: Foul Ball, location: 2F 1-1: Swinging Strike 1-2: Ball 2-2: Foul Ball, location: 2F 2-2: Strikes out swinging
|
|
Batting: RHB Chris Torlak
|
0-0: Ball 1-0: Foul Ball, location: 2F 1-1: Foul Ball, location: 2F 1-2: Strikes out swinging
|
| Top of the 5th over - 0 runs, 0 hits, 0 errors, 0 left on base; Round Rock 1 - Buffalo 0 |
| BOTTOM OF THE 5TH |
|
Buffalo Bisons batting - Pitching for Round Rock Express : RHP Prince Gibson
|
|
Batting: RHB Väinö Tapaninen
|
0-0: Called Strike 0-1: Ball 1-1: Foul Ball, location: 2F 1-2: Ball 2-2: Foul Ball, location: 2F 2-2: Strikes out looking
|
|
Batting: RHB Jorge Baret
|
0-0: Swinging Strike 0-1: Called Strike 0-2: Fly out, F7 (Flyball, 7S, EV 90.0 MPH)
|
|
Batting: RHB Bryan Peterson
|
0-0: Ball 1-0: Ball 2-0: Foul Ball, location: 2F 2-1: Foul Ball, location: 2F 2-2: Strikes out swinging
|
| Bottom of the 5th over - 0 runs, 0 hits, 0 errors, 0 left on base; Round Rock 1 - Buffalo 0 |
| TOP OF THE 6TH |
|
Round Rock Express batting - Pitching for Buffalo Bisons : RHP Timo Lantinga
|
|
Batting: LHB Josh Stuck
|
0-0: Ball 1-0: Foul Ball, location: 2F 1-1: Ball 2-1: Ground out 5-3 (Groundball, 5, EV 85.0 MPH)
|
|
Batting: LHB Zion Davidson
|
0-0: Hit by Pitch
|
|
Batting: RHB Trevor Mock
|
0-0: Ball 1-0: Called Strike 1-1: Called Strike 1-2: Foul Ball, location: 2F 1-2: Ball 2-2: Grounds into double play, 6-4-3 (Groundball, 6, EV 91.9 MPH)
|
| Top of the 6th over - 0 runs, 0 hits, 0 errors, 0 left on base; Round Rock 1 - Buffalo 0 |
| BOTTOM OF THE 6TH |
|
Buffalo Bisons batting - Pitching for Round Rock Express : RHP Prince Gibson
|
|
Batting: RHB Michel Martineau
|
0-0: Foul Ball, location: 2F 0-1: Foul Ball, location: 2F 0-2: Ball 1-2: Ball 2-2: Strikes out swinging
|
|
Batting: RHB Frank Caulfield
|
0-0: Ball 1-0: Ground out 4-3 (Groundball, 4MD, EV 86.9 MPH)
|
|
Batting: SHB Dominik Hasek II
|
0-0: Ball 1-0: Foul Ball, location: 2F 1-1: Called Strike 1-2: Ball 2-2: Ball 3-2: Foul Ball, location: 2F 3-2: Base on Balls
|
|
Batting: RHB Alex Ramos
|
0-0: Ball Dominik Hasek II is caught stealing 2nd base 2-4
|
| Bottom of the 6th over - 0 runs, 0 hits, 0 errors, 0 left on base; Round Rock 1 - Buffalo 0 |
| TOP OF THE 7TH |
|
Round Rock Express batting - Pitching for Buffalo Bisons : RHP Timo Lantinga
|
|
Batting: RHB Mike Quackenbush
|
0-0: Ball 1-0: Fly out, F8 (Flyball, 8RM, EV 91.9 MPH)
|
|
Batting: RHB C.J. Sagle
|
0-0: Ball 1-0: Called Strike 1-1: Called Strike 1-2: Strikes out swinging
|
|
Batting: RHB Laroya Foronda
|
0-0: Called Strike 0-1: Called Strike 0-2: Fly out, F7 (Flyball, 7, EV 95.0 MPH)
|
| Top of the 7th over - 0 runs, 0 hits, 0 errors, 0 left on base; Round Rock 1 - Buffalo 0 |
| BOTTOM OF THE 7TH |
|
Buffalo Bisons batting - Pitching for Round Rock Express : RHP Prince Gibson
|
|
Batting: RHB Alex Ramos
|
0-0: Ball 1-0: Ball 2-0: Ball 3-0: Base on Balls
|
|
Pinch Hitting: LHB Gabe Pace
|
0-0: Swinging Strike 0-1: Swinging Strike 0-2: Strikes out swinging
|
|
Pinch Hitting: LHB Rodrigo Briceno
|
0-0: Called Strike 0-1: SINGLE (Line Drive, 8LS, EV 103.1 MPH) Alex Ramos to second
|
|
Batting: RHB Väinö Tapaninen
|
0-0: Ball 1-0: Foul Ball, location: 2F 1-1: DOUBLE (Groundball, 5L, EV 95.6 MPH) Alex Ramos scores Rodrigo Briceno to third
|
|
Pitching: RHP Jason Williams
|
|
|
Batting: RHB Jorge Baret
|
0-0: Fly out, F7 (Flyball, 7S, EV 90.6 MPH)
|
|
Batting: RHB Bryan Peterson
|
0-0: Ball 1-0: Ball 2-0: Called Strike 2-1: Called Strike 2-2: Strikes out swinging
|
| Bottom of the 7th over - 1 run, 2 hits, 0 errors, 2 left on base; Round Rock 1 - Buffalo 1 |
| TOP OF THE 8TH |
|
Round Rock Express batting - Pitching for Buffalo Bisons : RHP Timo Lantinga
|
|
Now at 3B: John Loving
|
|
|
Now at SS: Jose Garza
|
|
|
Batting: RHB Luis Arce
|
0-0: Ball 1-0: Called Strike 1-1: Ball 2-1: Foul Ball, location: 2F 2-2: Ground out 4-3 (Groundball, 4, EV 78.8 MPH)
|
|
Batting: LHB Jody Hudson
|
0-0: Called Strike 0-1: Foul Ball, location: 2F 0-2: Ball 1-2: Ball 2-2: Ball 3-2: Fly out, F9 (Flyball, 9S, EV 81.9 MPH)
|
|
Batting: RHB Chris Torlak
|
0-0: Fly out, F3 (Popup, 23F, EV 82.5 MPH)
|
| Top of the 8th over - 0 runs, 0 hits, 0 errors, 0 left on base; Round Rock 1 - Buffalo 1 |
| BOTTOM OF THE 8TH |
|
Buffalo Bisons batting - Pitching for Round Rock Express : RHP Jason Williams
|
|
Batting: RHB Michel Martineau
|
0-0: Ball 1-0: Ball 2-0: Ball 3-0: Called Strike 3-1: Swinging Strike 3-2: Base on Balls
|
|
Batting: RHB Frank Caulfield
|
0-0: Bunted foul 0-1: Ball 1-1: Bunt missed! 1-2: Ground out 4-3 (Groundball, 34, EV 91.2 MPH) Michel Martineau to second
|
|
Batting: SHB Dominik Hasek II
|
0-0: Intentional Walk
|
|
Batting: RHB Alex Ramos
|
0-0: Swinging Strike 0-1: Called Strike Michel Martineau steals 3rd base Dominik Hasek II to second 0-2: Foul Ball, location: 2F 0-2: Ball 1-2: Ball 2-2: Foul Ball, location: 2F 2-2: Ground out 5-3 (Groundball, 25, EV 86.9 MPH)
|
|
Batting: RHB John Loving
|
0-0: Called Strike 0-1: Ball 1-1: Fly out, F7 (Flyball, 78S, EV 83.8 MPH)
|
| Bottom of the 8th over - 0 runs, 0 hits, 0 errors, 2 left on base; Round Rock 1 - Buffalo 1 |
| TOP OF THE 9TH |
|
Round Rock Express batting - Pitching for Buffalo Bisons : RHP Timo Lantinga
|
|
Batting: LHB Josh Stuck
|
0-0: Swinging Strike 0-1: Ball 1-1: Foul Ball, location: 2F 1-2: SOLO HOME RUN (Flyball, 9D, EV 97.5 MPH), Distance : 379 ft
|
|
Batting: LHB Zion Davidson
|
0-0: Ball 1-0: Foul Ball, location: 2F 1-1: Swinging Strike 1-2: Fly out, F9 (Line Drive, 9, EV 87.5 MPH)
|
|
Pitching: RHP Pat Powell
|
|
|
Batting: RHB Trevor Mock
|
0-0: Ball 1-0: SINGLE (Flyball, 6D, EV 91.2 MPH)
|
|
Batting: RHB Mike Quackenbush
|
0-0: Ball 1-0: Ball 2-0: Fly out, F8 (Flyball, 8LM, EV 80.6 MPH)
|
|
Batting: RHB C.J. Sagle
|
0-0: Ball 1-0: Called Strike 1-1: Fly out, F9 (Line Drive, 9, EV 90.6 MPH)
|
| Top of the 9th over - 1 run, 2 hits, 0 errors, 1 left on base; Round Rock 2 - Buffalo 1 |
| BOTTOM OF THE 9TH |
|
Buffalo Bisons batting - Pitching for Round Rock Express : RHP Jason Williams
|
|
Pitching: RHP Steve Grier
|
|
|
Batting: RHB Jose Garza
|
0-0: Ball 1-0: Called Strike 1-1: Foul Ball, location: 2F 1-2: Foul Ball, location: 2F 1-2: Ball 2-2: Foul Ball, location: 2F 2-2: Ball 3-2: Foul Ball, location: 2F 3-2: SINGLE (Groundball, 56D, EV 105.6 MPH)
|
|
Batting: RHB Väinö Tapaninen
|
0-0: Sac Bunt to 5S - play at first, batter OUT! 5-3 Jose Garza to second
|
|
Batting: RHB Jorge Baret
|
0-0: Ball 1-0: Ball Wild Pitch! Jose Garza to third 2-0: Bunted foul 2-1: Foul Ball, location: 2F 2-2: Ground out 6-3 (Groundball, 6, EV 81.9 MPH)
|
|
Batting: RHB Bryan Peterson
|
0-0: Called Strike 0-1: Ball 1-1: Foul Ball, location: 2F 1-2: SINGLE (Line Drive, 7S, EV 94.4 MPH) Jose Garza scores
|
|
Batting: RHB Michel Martineau
|
0-0: Ball Bryan Peterson is caught stealing 2nd base 2-4
|
| Bottom of the 9th over - 1 run, 2 hits, 0 errors, 0 left on base; Round Rock 2 - Buffalo 2 |
| TOP OF THE 10TH |
|
Round Rock Express batting - Pitching for Buffalo Bisons : RHP Pat Powell
|
|
Pitching: LHP Julio Gonzalez
|
|
|
Batting: RHB Laroya Foronda
|
0-0: SOLO HOME RUN (Flyball, 7D, EV 102.5 MPH), Distance : 380 ft
|
|
Batting: RHB Luis Arce
|
0-0: Called Strike 0-1: Fly out, F8 (Flyball, 8RM, EV 85.0 MPH)
|
|
Pinch Hitting: RHB Jorge Benites
|
0-0: Ball 1-0: Called Strike 1-1: Called Strike 1-2: Ball 2-2: Ball 3-2: Base on Balls
|
|
Batting: RHB Chris Torlak
|
0-0: Ball 1-0: Fly out, F7 (Flyball, 78M, EV 95.6 MPH)
|
|
Batting: RHB Bill Turnbull
|
0-0: Called Strike Jorge Benites steals 2nd base 0-1: Ball 1-1: Ball 2-1: Ball 3-1: Foul Ball, location: 2F 3-2: Base on Balls
|
|
Batting: LHB Zion Davidson
|
0-0: Called Strike 0-1: Ball 1-1: Swinging Strike 1-2: Strikes out swinging
|
| Top of the 10th over - 1 run, 1 hit, 0 errors, 2 left on base; Round Rock 3 - Buffalo 2 |
| BOTTOM OF THE 10TH |
|
Buffalo Bisons batting - Pitching for Round Rock Express : RHP Steve Grier
|
|
Now at 1B: Jeremy Boerman
|
|
|
Batting: RHB Michel Martineau
|
0-0: Ball 1-0: Ball 2-0: Ball 3-0: Base on Balls
|
|
Batting: RHB Frank Caulfield
|
0-0: Bunt missed! 0-1: Bunt missed! 0-2: Ground out 5-3 (Groundball, 56S, EV 83.8 MPH) Michel Martineau to second
|
|
Batting: SHB Dominik Hasek II
|
0-0: Ball Michel Martineau steals 3rd base 1-0: Ball 2-0: Foul Ball, location: 2F 2-1: Swinging Strike 2-2: Strikes out swinging
|
|
Batting: RHB Alex Ramos
|
0-0: Called Strike 0-1: Ball 1-1: Fly out, F9 (Flyball, 9S, EV 78.8 MPH)
|
| Bottom of the 10th over - 0 runs, 0 hits, 0 errors, 1 left on base; Round Rock 3 - Buffalo 2 |
|